 Dungeon Crawl Stone Soup version 0.31-a0-859-g9dce7d3444 (webtiles) character file.

Game seed: 15092122907114475090

1726 Newt the Cleaver (level 9, 0/52 HPs)
             Began as a Gargoyle Fighter on Oct 9, 2023.
             Was a Follower of Okawaru.
             Slain by a guardian serpent (shapeshifter) (11 damage)
             ... on level 8 of the Dungeon.
             The game lasted 00:04:33 (4536 turns).

Newt the Cleaver (Gargoyle Fighter)                 Turns: 4536, Time: 00:04:34

Health: 0/52       AC: 16    Str: 23    XL:     9   Next: 4%
Magic:  9/9        EV:  9    Int: 10    God:    Okawaru [*.....]
Gold:   213        SH:  5    Dex:  9    Spells: 8/8 levels left

rFire   + + .        o - +6 hand axe (elec)
rCold   . . .        c - +1 buckler
rNeg    + . .        y - +0 scale mail {rF+}
rPois   ∞            k - +1 hat
rElec   +            w - +0 cloak
rCorr   .            (no gloves)
SInv    .            (no boots)
Will    .....        d - amulet of the acrobat Stlth
                     h - ring of protection from fire
HPRegen 0.28/turn    (no ring)
MPRegen 0.11/turn

%: acrobat
@: no status effects
A: sickness immunity, AC +6, negative energy resistance 1, electricity
resistance, torment resistance 1, petrification resistance
a: Renounce Religion, Heroism


You were on level 8 of the Dungeon.
You worshipped Okawaru.
Okawaru was aware of your devotion.
You visited 2 branches of the dungeon, and saw 9 of its levels.

You collected 373 gold pieces.
You spent 160 gold pieces at shops.

Inventory:

Hand Weapons
 a - a +0 flail
 f - a +0 hand axe
 o - a +6 hand axe of electrocution (weapon)
Missiles
 i - 5 boomerangs
 r - 2 throwing nets
Armour
 b - a +0 scale mail
 c - a +1 buckler (worn)
 k - a +1 hat (worn)
 w - a +0 cloak (worn)
 y - a +0 scale mail of fire resistance (worn)
Jewellery
 d - an amulet of the acrobat (around neck)
 h - a ring of protection from fire (left hand)
Wands
 v - a wand of flame (20)
 x - a wand of polymorph (9)
Scrolls
 j - a scroll of vulnerability
 l - a scroll of fear
 m - 2 scrolls of teleportation
 s - a scroll of identify
 u - a scroll of amnesia
Potions
 e - a potion of mutation
 g - a potion of haste
 n - 5 potions of curing
 p - a potion of enlightenment
 q - a potion of degeneration
 t - 3 potions of brilliance
 z - 3 potions of heal wounds


   Skills:
 - Level 4.0 Fighting
 + Level 8.2(8.7) Axes
 - Level 4.7(7.5) Maces & Flails
 - Level 6.0 Armour
 - Level 3.2 Shields


You had 8 spell levels left.
You didn't know any spells.
Your spell library contained the following spells:

 Spells                   Type           Power      Damage    Failure   Level
 Necrotise                Necr           0%         1d4       73%         1
 Ozocubu's Armour         Ice            0%         N/A       97%         3
 Vampiric Draining        Necr           0%         2d6       97%         3
 Agony                    Necr           0%         N/A       100%        5
 Ozocubu's Refrigeration  Ice            0%         4d7       100%        7
 Borgnjor's Revivificati  Necr           0%         N/A       100%        8
 Death's Door             Necr           0%         N/A       100%        9
 Haunt                    Necr/Summ      Unusable   N/A       N/A         7

Dungeon Overview and Level Annotations

Branches:
Dungeon (8/15)             Temple (1/1) D:7
   Lair: D:8-11

Altars:
Ashenzari
Cheibriados
Elyvilon
Fedhas
Gozag
Hepliaklqana
Kikubaaqudgha
Makhleb
Nemelex Xobeh
Okawaru
Qazlal
Ru
Trog
Uskayaw
Vehumet
Xom
Yredelemnul
The Shining One

Shops:
D:8 !

Annotations:
D:8 3 runed translucent doors, jakobj's ghost, novice HOFi


Innate Abilities, Weirdness & Mutations

You are immune to sickness and miasma.
Your stone body is resilient. (AC +6)
You are immune to poison.
You resist negative energy. (rN+)
You are resistant to electric shocks. (rElec)
You are resistant to unholy torment.
You are immune to petrification.


Message History

A manticore comes into view.
The manticore flicks its tail.
The volley of spikes hits you!
The barbed spikes become lodged in your body.
You hear a shout!
Okay, then.
Unknown command.
You slash the manticore!
The manticore is lightly wounded.
The manticore bites you but does no damage.
You block the manticore's attack. x2
A guardian serpent comes into view.
You barely miss the manticore.
The manticore is lightly wounded.
The manticore closely misses you. The manticore barely misses you.
The manticore claws you but does no damage.
Unknown command.
You hit the guardian serpent.
Lightning courses through the guardian serpent!
The guardian serpent is moderately wounded.
You barely miss the manticore. The guardian serpent hits you!
The manticore barely misses you.
The manticore claws you but does no damage. x2
Unknown command.
You slash the guardian serpent!
The guardian serpent is heavily wounded.
You hit the manticore.
Lightning courses through the manticore!
You block the guardian serpent's attack.
The guardian serpent hits you but does no damage.
Unknown command.
You barely miss the guardian serpent.
The guardian serpent is heavily wounded.
You hit the manticore.
You carefully extract the barbed spikes from your body.
The manticore bites you. You block the manticore's attack.
The manticore claws you!
* * * LOW HITPOINT WARNING * * *
The guardian serpent hits you!
You die...

..#....## ..
.# .#.....#
..#
[###......#
#.#
#.#.#.....#
..# #..#.....#
#y# #.#.....#
#c###.....#
###
#H#S.#(..##
##..
##@.......#
#...
#.........#
#...
#..........#
#...
.......##...##
#...
######+##...##
#...
#...........#
#...
##...........#
#...
.............#
##..
.......))....#
##..


You could see a manticore, a guardian serpent, a centaur and a killer bee.

Vanquished Creatures
  A komodo dragon (D:6)
  A wyvern (D:7)
  Eustachio (D:4)
  A water moccasin (D:7)
  2 sky beasts
  A centaur (D:8)
  A phantom (D:5)
  A kobold brigand (D:8)
  A bullfrog (D:8)
  A gnoll sergeant (D:8)
  A scorpion (D:5)
  A gnoll bouda (D:7)
  2 hounds
  Terence (D:2)
  3 orc wizards
  13 gnolls
  4 adders (D:2)
  A shadow imp (D:7)
  A white imp (D:7)
  2 worms (D:2)
  15 orcs
  4 bats
  5 endoplasms
  8 giant cockroaches
  3 goblins
  10 hobgoblins
  13 kobolds
  5 quokkas
  6 ball pythons
  2 frilled lizards
  5 rats
116 creatures vanquished.

Notes
Turn   | Place    | Note
-------+----------+-------------------------------------------
     0 | D:1      | Newt the Gargoyle Fighter began the quest for the Orb.
     0 | D:1      | Reached XP level 1. HP: 14/14 MP: 1/1
   373 | D:1      | Reached XP level 2. HP: 20/20 MP: 2/2
   437 | D:1      | Found a faded altar of an unknown god.
   721 | D:2      | HP: 1/20 [orc/+0 whip (2)]
   725 | D:2      | Reached XP level 3. HP: 1/24 MP: 3/3
   983 | D:2      | Reached XP level 4. HP: 29/29 MP: 4/4
  1544 | D:2      | Noticed Terence
  1561 | D:2      | Killed Terence
  1562 | D:2      | Reached XP level 5. HP: 4/33 MP: 5/5
  1702 | D:3      | Found a white marble altar of Elyvilon.
  1703 | D:3      | Found a glowing golden altar of the Shining One.
  1765 | D:3      | Reached skill level 1 in Axes
  1871 | D:3      | Reached skill level 2 in Axes
  2279 | D:4      | Reached XP level 6. HP: 33/38 MP: 6/6
  2280 | D:4      | Found a radiant altar of Vehumet.
  2280 | D:4      | Found a sacrificial altar of Ru.
  2330 | D:4      | Noticed Eustachio
  2339 | D:4      | Killed Eustachio
  2340 | D:4      | Reached skill level 4 in Axes
  2606 | D:4      | Found a blossoming altar of Fedhas.
  2782 | D:4      | Reached XP level 7. HP: 43/43 MP: 7/7
  3165 | D:5      | Entered Level 5 of the Dungeon
  3190 | D:5      | Reached skill level 5 in Armour
  3233 | D:5      | You fall into a shaft and drop 2 floors!
  3241 | D:6      | Noticed a komodo dragon
  3245 | D:6      | Killed a komodo dragon
  3246 | D:6      | Reached XP level 8. HP: 24/48 MP: 8/8
  3358 | D:6      | Reached skill level 5 in Axes
  3380 | D:7      | Found a staircase to the Ecumenical Temple.
  3406 | Temple   | Entered the Ecumenical Temple
  3434 | Temple   | Became a worshipper of Warmaster Okawaru
  3528 | D:7      | Noticed a wyvern
  3540 | D:7      | Killed a wyvern
  3541 | D:7      | Reached skill level 6 in Axes
  3904 | D:7      | Found a bloodstained altar of Trog.
  3905 | D:7      | Found a hide-covered altar of Uskayaw.
  3905 | D:7      | Found an ancient bone altar of Kikubaaqudgha.
  3905 | D:7      | Found a broken altar of Ashenzari.
  3907 | D:7      | Found a basalt altar of Yredelemnul.
  3908 | D:7      | Found a snail-covered altar of Cheibriados.
  3994 | D:7      | Reached skill level 7 in Axes
  4258 | D:8      | Reached * piety under Okawaru
  4274 | D:8      | Found a runed translucent gate.
  4274 | D:8      | Noticed a nine-headed hydra
  4275 | D:8      | Found a runed translucent gate.
  4275 | D:8      | Noticed jakobj's ghost (novice HOFi)
  4277 | D:8      | Found a runed translucent gate.
  4279 | D:8      | Noticed a ten-headed hydra
  4303 | D:8      | Found Selloitt's Distillery.
  4311 | D:8      | Bought a potion of heal wounds for 80 gold pieces
  4311 | D:8      | Bought a potion of heal wounds for 80 gold pieces
  4453 | D:8      | Reached skill level 8 in Axes
  4453 | D:8      | Reached XP level 9. HP: 43/52 MP: 9/9
  4529 | D:8      | Noticed a manticore
  4532 | D:8      | Noticed a guardian serpent
  4536 | D:8      | Slain by a guardian serpent (shapeshifter)

Illustrated notes

Levels and vault maps discovered:
D:1:      psy_arrival_fountain, layout_rooms, basic_ecumenical_altar,
          hangedman_abyss_or_decor_lesser_grid, minmay_tromino_i2
D:2:      layout_basic, hangedman_decor_opposing, minmay_increasing_density,
          uniq_terence
D:3:      layout_rooms, chequers_temple_overflow_statue_of_worship
D:4:      layout_loops_corners, fedhas_altar_1, lemuel_coloured_pillars_altar,
          pf_just_have_faith, minmay_curled_crystal, uniq_eustachio
D:5:      layout_loops_cross, mainiacjoe_overflow_tiny_flanked, serial_shops,
          nicolae_shop_gibbet_a_chance, uniq_blork_the_orc
D:6:      layout_gridville, kennysheep_mini_moat, marbit_many_paths,
          hangedman_decor_points, hangedman_decor_slide_cut
D:7:      layout_rooms, grunt_temple_overflow_open,
          minmay_temple_entry_large_hall, grunt_ministairs_12
D:8:      layout_gridville, serial_shops, nicolae_shop_stone,
          gammafunk_ghost_hydra_chop, minmay_misc_feat_cross, minmay_manual_mail
Temple:   nicolae_temple_superstar

Skill      XL: |  1  2  3  4  5  6  7  8 |
---------------+-------------------------+-----
Fighting       | 4 |  4.0
Maces & Flails | 3 4 |  4.7
Axes           | 2 4 8 |  8.2
Armour         | 6 |  6.0
Shields        | |  3.2

Action                     |  1- 3 |  4- 6 |  7- 9 || total
---------------------------+-------+-------+-------++-------
  Melee: Flail             |    73 |   107 |       ||   180
         Hand axe          |       |   107 |   125 ||   232
    Use: Scroll            |     4 |    10 |     2 ||    16
         Potion            |     1 |     1 |     1 ||     3
 Armour: Scale mail        |    77 |   132 |    85 ||   294
  Dodge: Dodged            |    30 |   116 |    50 ||   196
  Block: Buckler           |    15 |    41 |    33 ||    89

Table legend: (Time is in decaauts)
 A = Elapsed time spent in this place.
 B = Non-inter-level travel time spent in this place.
 C = Inter-level travel time spent in this place.
 D = Time resting spent in this place.
 E = Time spent auto-exploring this place.
 F = Levels seen in this place.
 G = Mean time per level.
                   A        B        C        D        E       F      G
               +--------+--------+--------+--------+--------+-----+--------+
         Total |   4576 |   4295 |    281 |    512 |   2907 |   9 |  508.4 |
       Dungeon |   4520 |   4295 |    225 |    512 |   2907 |   8 |  565.0 |
        Temple |     56 |      1 |     55 |      0 |      0 |   1 |   56.0 |
               +--------+--------+--------+--------+--------+-----+--------+

Top non-repeatable levels by time:
     D:2: 1121 daAuts
     D:4: 899 daAuts
     D:7: 829 daAuts
     D:1: 605 daAuts
     D:3: 580 daAuts
     D:8: 284 daAuts
     D:6: 129 daAuts
     D:5: 68 daAuts
  Temple: 56 daAuts
